 Dungeon Crawl Stone Soup version 0.19-b1-5-gdc9fa9d (webtiles) character file.

123 Gorglomux the Vexing (level 5, 0/26 HPs)
             Began as a Kobold Arcane Marksman on Oct 31, 2016.
             Was an Initiate of Hepliaklqana.
             Succumbed to an orc's poison
             ... on level 2 of the Dungeon.
             The game lasted 00:10:06 (2202 turns).

Gorglomux the Vexing (Kobold Arcane Marksman)       Turns: 2202, Time: 00:10:07

Health: 0/26       AC:  2    Str: 13    XL:     5   Next: 29%
Magic:  10/10      EV: 15    Int: 15    God:    Hepliaklqana [......]
Gold:   104        SH:  0    Dex: 15    Spells: 3 memorised, 4 levels left

rFire  . . .     SeeInvis .     a - +0 spear
rCold  . . .     Gourm    .     e - +0 robe
rNeg   . . .     Faith    .     (shield restricted)
rPois  .         Spirit   .     m - +0 hat
rElec  .         Reflect  .     (no cloak)
rCorr  .         Harm     .     (no gloves)
MR     .....                    (no boots)
Stlth  +.........               o - amulet of rage (curse)
                                (no ring)
                                (no ring)

@: mighty, lethally poisoned (0 -> -25)
A: reduced essence, carnivore 3
a: Recall Ancestor, Ancestor Identity, Renounce Religion, Evoke Berserk Rage


You were on level 2 of the Dungeon.
You worshipped Hepliaklqana.
Hepliaklqana was noncommittal.
You were very full.

You visited 1 branch of the dungeon, and saw 3 of its levels.

You collected 104 gold pieces.

Inventory:

Hand Weapons
 a - a +0 spear (weapon)
 b - a +0 hand crossbow
Missiles
 d - 22 bolts
 n - 148 stones (quivered)
Armour
 e - a +0 robe (worn)
 m - a +0 hat (worn)
Jewellery
 o - a cursed amulet of rage (around neck)
 t - an uncursed amulet of guardian spirit
Scrolls
 g - 3 scrolls of amnesia {unknown}
 h - 4 scrolls of identify {unknown}
 i - a scroll of random uselessness {unknown}
 j - a scroll of teleportation {unknown}
 k - 2 scrolls of remove curse {unknown}
Potions
 l - a potion of heal wounds {unknown}
 p - a potion of might
 q - a potion of lignification {unknown}
 r - a potion of flight {unknown}
 s - 2 potions of berserk rage {unknown}
Books
 c - a book of Debilitation

   Spells                             Type                      Level
   a - Corona                         Hexes                        1
   b - Slow                           Hexes                        2
   c - Gell's Gravitas                Hexes/Translocation          3
   d - Inner Flame                    Hexes/Fire                   3
   e - Cause Fear                     Hexes                        4
   f - Leda's Liquefaction            Hexes/Earth                  4
Comestibles
 f - a meat ration


   Skills:
 - Level 1.2 Fighting
 - Level 2.4 Crossbows
 - Level 2.7 Dodging
 * Level 3.7 Spellcasting
 + Level 4.0 Hexes


You had 4 spell levels left.
You knew the following spells:

 Your Spells              Type           Power        Failure   Level  Hunger
a - Corona                Hex            ##.....      4%          1    None
b - Inner Flame           Hex/Fire       #.......     30%         3    ###....
c - Gell's Gravitas       Hex/Tloc       #.........   30%         3    ###....


Dungeon Overview and Level Annotations

Branches:
Dungeon (3/15)

Altars:
Cheibriados
Dithmenos
Elyvilon
Hepliaklqana
Xom


Innate Abilities, Weirdness & Mutations

You are small and have problems with some larger weapons.
You are carnivorous and can eat meat at any time.
Your life essence is reduced. (-10% HP)


Message History

The goblin hits you but does no damage.
You hit the orc.
You kill the orc!
You feel sick. The bat barely misses you. The orc barely misses you.
The orc hits you with a dagger of venom.
You are more poisoned.
Rodolphe hits the orc but does no damage.
The goblin closely misses you.
You feel sick. The bat hits you but does no damage. The orc barely misses you.
The orc hits you with a club.
* * * LOW HITPOINT WARNING * * *
The orc closely misses you.
Rodolphe hits the orc but does no damage.
You climb upwards.
* * * LOW HITPOINT WARNING * * *
You feel very sick.
There is a stone staircase leading down here.
It was a potion of might.
You feel very mighty all of a sudden.
You die...

#.##.##....#....#.............
#.##.#............#...........
##....).....#..................
#.....#.....####...............
#.##..#.########............_..
###.##..).#....<.................
#................................
................o#..#............
...............g@o..##...........
....)..........R.o###............
.................####............
.................................
.................####............
........)..........##.<......#...
............................#_#..
.............................#...
............#####................


You could see the friendly Rodolphe the ancestor, 3 orcs and a goblin.

Vanquished Creatures
  2 gnolls (D:2)
  2 adders (D:2)
  2 dart slugs
  2 leopard geckos
  An orc (D:3)
  A ball python (D:1)
  7 bats
  4 giant cockroaches
  3 goblins
  2 hobgoblins
  4 jackals (D:1)
  5 frilled lizards
  10 kobolds
  7 rats
52 creatures vanquished.

Vanquished Creatures (collateral kills)
  A gnoll (D:2)
  An adder (D:2)
  A dart slug (D:3)
  2 kobolds (D:2)
  A quokka (D:2)
  2 rats (D:2)
8 creatures vanquished.

Vanquished Creatures (others)
  An ancestor (D:2)
1 creature vanquished.

Grand Total: 61 creatures vanquished

Notes
Turn   | Place    | Note
-------+----------+-------------------------------------------
     0 | D:1      | Gorglomux the Kobold Arcane Marksman began the quest for the Orb.
     0 | D:1      | Reached XP level 1. HP: 12/12 MP: 2/2
   146 | D:1      | Reached XP level 2. HP: 16/16 MP: 3/3
   689 | D:1      | Reached XP level 3. HP: 19/20 MP: 6/6
   694 | D:1      | Learned a level 3 spell: Inner Flame
  1392 | D:2      | Found a faded altar of an unknown god.
  1398 | D:2      | Found a hazy altar of Hepliaklqana.
  1411 | D:2      | Found a white marble altar of Elyvilon.
  1411 | D:2      | Found a snail-covered altar of Cheibriados.
  1414 | D:2      | Found a shimmering altar of Xom.
  1421 | D:2      | Became a worshipper of Hepliaklqana the Forgotten
  1458 | D:2      | Reached XP level 4. HP: 22/22 MP: 8/8
  1526 | D:2      | Found a shadowy altar of Dithmenos.
  1735 | D:2      | Reached XP level 5. HP: 25/26 MP: 10/10
  1798 | D:2      | Reached skill level 4 in Hexes
  2040 | D:2      | Learned a level 3 spell: Gell's Gravitas
  2202 | D:2      | Succumbed to an orc's poison

Skill      XL: |  1  2  3  4  5 |
---------------+----------------+-----
Spellcasting   | 2 3 |  3.7
Hexes          | 4 |  4.0
Fighting       | |  1.2
Crossbows      | |  2.4
Dodging        | |  2.7

Action                   |  1- 3 |  4- 6 || total
-------------------------+-------+-------++-------
Melee: Unarmed           |       |    19 ||    19
       Spear             |       |     5 ||     5
 Fire: Hand crossbow     |   104 |    24 ||   128
Throw: Stone             |       |    17 ||    17
 Cast: Corona            |     5 |       ||     5
       Inner Flame       |     2 |       ||     2
Invok: Ancestor Identity |     2 |       ||     2
  Use: Potion            |       |     1 ||     1
  Eat: Chunk             |     2 |     9 ||    11
Armor: Robe              |    21 |     7 ||    28
Dodge: Dodged            |    79 |    49 ||   128
